 Dungeon Crawl Stone Soup version 0.22-a0-284-g99d1f74 (webtiles) character file.

571 grindst0ne the Zephyrmancer (level 7, 0/38 HPs)
             Began as a Tengu Air Elementalist on Mar 20, 2018.
             Slain by Duvessa
             ... wielding a +0 short sword
              (9 damage)
             ... on level 5 of the Dungeon.
             The game lasted 00:12:45 (4597 turns).

grindst0ne the Zephyrmancer (TeAE)                  Turns: 4597, Time: 00:12:45

Health: 0/38       AC:  2    Str:  9    XL:     7   Next: 34%
Magic:  9/11       EV: 18    Int: 19    God:
Gold:   241        SH:  0    Dex: 19    Spells: 4/10 levels left

rFire    . . .     SeeInvis .   t - +2 flail (protect)
rCold    . . .     Gourm    .   (no shield)
rNeg     . . .     Faith    .   a - +0 robe
rPois    .         Spirit   .   (helmet restricted)
rElec    .         Reflect  .   (no cloak)
rCorr    .         Harm     .   (no gloves)
MR       .....                  (boots unavailable)
Stlth    +++.......             (no amulet)
HPRegen  0.12/turn              e - +2 ring of intelligence
MPRegen  0.12/turn              (no ring)

@: agile, swift, very quick
A: beak, talons 3, able to fly 1
a: Fly


You were on level 5 of the Dungeon.
You were not hungry.

You visited 1 branch of the dungeon, and saw 5 of its levels.

You collected 241 gold pieces.

Inventory:

Hand Weapons
 t - a +2 flail of protection (weapon)
Missiles
 o - 2 javelins (quivered)
Armour
 a - a +0 robe (worn)
 x - a +0 chain mail
Magical Staves
 q - an uncursed staff of cold
Jewellery
 e - a +2 ring of intelligence (left hand)
 y - a +2 ring of protection {unknown}
Scrolls
 d - a scroll of teleportation {unknown}
 f - 4 scrolls of amnesia
 h - a scroll of blinking {unknown}
 k - a scroll of enchant weapon {unknown}
 m - a scroll of fear {unknown}
 r - a scroll of immolation {unknown}
 s - a scroll of remove curse {unknown}
 u - a scroll of fog {unknown}
 v - a scroll of identify
 w - a scroll of magic mapping {unknown}
Potions
 b - 2 potions of agility
 g - a potion of flight {unknown}
 i - a potion of lignification {unknown}
 j - 2 potions of mutation {unknown}
 l - 2 potions of degeneration {unknown}
 n - a potion of haste {unknown}
 p - a potion of heal wounds {unknown}
Comestibles
 c - 7 rations
 z - 2 chunks of flesh


   Skills:
 * Level 1.0 Fighting
 - Level 2.1 Dodging
 - Level 2.0 Stealth
 - Level 2.0 Spellcasting
 + Level 7.0 Conjurations
 - Level 8.0 Air Magic


You had 4 spell levels left.
You knew the following spells:

 Your Spells              Type           Power        Failure   Level  Hunger
a - Shock                 Conj/Air       ####         1%          1    #......
b - Swiftness             Chrm/Air       ###.....     4%          2    ###....
c - Static Discharge      Conj/Air       ####....     2%          3    ###....


Dungeon Overview and Level Annotations

Branches:
Dungeon (5/15)
 Temple: D:4-7

Altars:
Dithmenos
Nemelex Xobeh
Yredelemnul

Annotations:
D:2 exclusion: downstairs
D:3 Purgy
D:5 Duvessa


Innate Abilities, Weirdness & Mutations

You have a beak for a mouth.
You have claws for feet.
You can fly.


Message History

Confirm with . or Enter, or press ? or * to list all spells.
Aiming: Shock (safe; 1% risk of failure)
Press: ? - help, Shift-Dir - straight line, f - Duvessa
Aim: Duvessa, wielding a short sword and wearing a chain mail (berserk, fast, unusually strong)
The zap hits Duvessa.
Duvessa is lightly wounded.
You feel agile all of a sudden. Duvessa closely misses you.
Duvessa hits you with a short sword!
Okay, then.
Casting: Shock (safe; 1% risk of failure)
Confirm with . or Enter, or press ? or * to list all spells.
You feel quick. Duvessa barely misses you. Duvessa hits you with a short sword!
There is an open door here.
Duvessa rages.
Duvessa hits you with a short sword!
* * * LOW HITPOINT WARNING * * *
Okay, then.
Duvessa hits you with a short sword!
You die...

#.#.#.................#
#.#...#######'#######.#
###.##..# #.# #)# #.......#
#####.##### #)# #######.#
#...'.'...# #.# #.......#
#.###.###.# #.# #.#####.#
#.# #.# #.# #.# #.#
#.###'###.###'###.#### #.#
#.'..@e.........'....# #.#
#.###'###[###'###....# #.#
##.# #.# #.# #.# #....# #.#
#..# #.###.###.# #..... #.#
#..# #...'.'...# #..... #.#
#..# #####.##### #..... #.#
#..# #.# #.####
##.####..#######'#######.##
#............(((..(.......#


You could see Duvessa (berserk).

Vanquished Creatures
  Dowan (D:5)
  A scorpion (D:4)
  2 crimson imps (D:5)
  3 orc priests
  An iguana (D:5)
  2 orc wizards
  3 worker ants
  6 adders
  2 oozes (D:1)
  A worm (D:4)
  3 dart slugs
  A leopard gecko (D:4)
  17 orcs
  A ball python (D:2)
  7 giant cockroaches
  5 goblins
  6 hobgoblins
  9 jackals
  A kobold (D:1)
  2 quokkas (D:5)
  6 bats
  7 frilled lizards
  A quokka zombie (D:5)
  8 rats
96 creatures vanquished.

Notes
Turn   | Place    | Note
-------+----------+-------------------------------------------
     0 | D:1      | grindst0ne the Tengu Air Elementalist began the quest for the Orb.
     0 | D:1      | Reached XP level 1. HP: 10/10 MP: 4/4
   260 | D:1      | Reached XP level 2. HP: 15/15 MP: 6/6
   379 | D:1      | Learned a level 2 spell: Swiftness
   598 | D:1      | Reached XP level 3. HP: 8/19 MP: 7/7
   968 | D:2      | Reached skill level 5 in Air Magic
  1176 | D:2      | Reached XP level 4. HP: 23/24 MP: 2/8
  1852 | D:2      | Learned a level 3 spell: Static Discharge
  1883 | D:3      | Noticed Purgy
  2057 | D:3      | Noticed a moth of wrath
  2108 | D:3      | Found a shadowy altar of Dithmenos.
  2326 | D:3      | Found a sparkling altar of Nemelex Xobeh.
  2452 | D:3      | Found a basalt altar of Yredelemnul.
  2491 | D:3      | Gained mutation: You can fly. [Tengu growth]
  2491 | D:3      | Reached XP level 5. HP: 16/28 MP: 9/9
  2982 | D:4      | Reached skill level 6 in Air Magic
  3072 | D:4      | Reached skill level 5 in Conjurations
  3249 | D:4      | Reached XP level 6. HP: 17/32 MP: 6/10
  3489 | D:4      | Reached skill level 7 in Air Magic
  3900 | D:5      | Entered Level 5 of the Dungeon
  4155 | D:5      | Reached XP level 7. HP: 26/36 MP: 0/11
  4437 | D:5      | Reached skill level 8 in Air Magic
  4490 | D:5      | Noticed Dowan
  4502 | D:5      | Killed Dowan
  4502 | D:5      | Reached skill level 1 in Fighting
  4574 | D:5      | Noticed Duvessa
  4597 | D:5      | Slain by Duvessa

Vault maps used:
D:1:      eino_arrival_druids_welcome
D:2:      first_ration
D:3:      tgw_trog, nemelex_altar_shiori, nicolae_overflow_crystal_walls,
          serial_curves, eino_curves_03, eino_curves_01,
          kennysheep_small_spiral, nicolae_dithmenos_shadow_blocks, uniq_purgy
D:4:      nicolae_overflow_hidden_temple
D:5:      minmay_door_square, sigmund_edmund_badplayer, uniq_duvessa

Skill      XL: |  1  2  3  4  5  6  7 |
---------------+----------------------+-----
Conjurations   | 2 3 4 5 6 7 |  7.0
Air Magic      | 5 6 7 8 |  8.0
Fighting       | 1 |  1.0
Dodging        | |  2.1
Stealth        | |  2.0
Spellcasting   | |  2.0

Action                   |  1- 3 |  4- 6 |  7- 9 || total
-------------------------+-------+-------+-------++-------
Melee: Unarmed           |     8 |       |       ||     8
       Mace              |    48 |       |       ||    48
       Kick              |    12 |    17 |     1 ||    30
       Peck              |     2 |    10 |       ||    12
       Flail             |       |    77 |     2 ||    79
       Short sword       |       |    21 |       ||    21
Throw: Javelin           |       |     2 |       ||     2
 Cast: Shock             |    23 |    62 |    19 ||   104
       Static Discharge  |       |     9 |     4 ||    13
       Swiftness         |       |     3 |     1 ||     4
 Abil: Fly               |       |     1 |       ||     1
  Use: Scroll            |       |     3 |       ||     3
       Potion            |       |     1 |     1 ||     2
 Stab: Sleeping          |     3 |       |       ||     3
  Eat: Chunk             |     1 |    12 |     2 ||    15
Armor: Robe              |    18 |    37 |     1 ||    56
Dodge: Dodged            |    42 |    98 |     4 ||   144

Table legend:
 A = Spawn XP
 B = Non-spawn XP
 C = Spawn XP percentage of total XP
 D = Spawn monster count
 E = Non-spawn monster count
 F = Spawn count percentage of total count
 G = Total turns spent on level
                    A         B        C        D         E        F      G
               +---------+---------+-------+---------+---------+-------+---------
         Total |       0 |     816 |   0.0 |       0 |      96 |   0.0 |  4597
               +---------+---------+-------+---------+---------+-------+---------
           D:1 |       0 |      36 |   0.0 |       0 |      15 |   0.0 |   877
           D:2 |       0 |      78 |   0.0 |       0 |      25 |   0.0 |  1109
           D:3 |       0 |      58 |   0.0 |       0 |      16 |   0.0 |   938
           D:4 |       0 |     260 |   0.0 |       0 |      20 |   0.0 |   976
           D:5 |       0 |     384 |   0.0 |       0 |      20 |   0.0 |   697
               +---------+---------+-------+---------+---------+-------+---------
